cohdb
Replays
Latest Replays
All Replays
Popular Replays
Top Player Replays
Match Explorer
How It Works
Community
CoH3 Stats
Reddit
Sign in to upload your games and track your stats! →
Sign in with Steam
Match 35565951
Unlisted
Match 35565951
Overview
Messages
Build Orders
End
Panzergrenadier Squad
Selects Italian Infantry
Panzergrenadier Squad
Selects Guastatori Squad
Selects L6/40 Light Tank Combat Group
L6/40 Light Tank Combat Group
Guastatori Squad
L6/40 Light Tank Combat Group
Guastatori Squad
Guastatori Squad
Guastatori Squad
Selects Sound the Alarm
Construct Light Support Kompanie
Panzerjäger Squad
Deca
patex88
MKS
MKS1
DibbeTC
DAMOSQUITO
Mad Mac
Greekminer2
0
0
Comments
sign in to comment!
No comments posted yet!